 Dungeon Crawl Stone Soup version 0.31-a0-692-gf03d1854d5 (webtiles) character file.

Game seed: 3143688873995548449

1066 qw the Skirmisher (level 8, -9/49 HPs)
             Began as a Gargoyle Hunter on Sept 6, 2023.
             Was an Initiate of Okawaru.
             Mangled by a two-headed ogre
             ... wielding a +0 dire flail
              (23 damage)
             ... on level 6 of the Dungeon.
             The game lasted 00:01:42 (4603 turns).

qw the Skirmisher (Gargoyle Hunter)                 Turns: 4603, Time: 00:01:42

Health: -9/49      AC:  9    Str: 19    XL:     8   Next: 28%
Magic:  9/9        EV: 12    Int:  9    God:    Okawaru [......]
Gold:   77         SH:  0    Dex: 14    Spells: 7/7 levels left

rFire   . . .        Y - +0 shortbow (freeze)
rCold   + . .        (shield currently unavailable)
rNeg    + + .        k - +2 robe {Will+}
rPois   inf          (no helmet)
rElec   +            (no cloak)
rCorr   .            (no gloves)
SInv    .            (no boots)
Will    +....        (no amulet)
Stlth   ++           c - ring of positive energy
HPRegen 0.28/turn    i - ring of protection from cold
MPRegen 0.11/turn

%: no passive effects
@: no status effects
A: sickness immunity, AC +5, negative energy resistance 1, electricity
resistance, torment resistance 1, petrification resistance, strong 1, MP-powered
wands
a: Renounce Religion


You were on level 6 of the Dungeon.
You worshipped Okawaru.
Okawaru was noncommittal.
You visited 1 branch of the dungeon, and saw 6 of its levels.

You collected 315 gold pieces.
You spent 238 gold pieces at shops.


Innate Abilities, Weirdness & Mutations

You are immune to sickness and miasma.
Your stone body is resilient. (AC +5)
You are immune to poison.
You resist negative energy. (rN+)
You are resistant to electric shocks. (rElec)
You are resistant to unholy torment.
You are immune to petrification.
Your muscles are strong. (Str +4, Int/Dex -1)
You expend magic power (3 MP) to strengthen your wands.


   Skills:
 - Level 5.0 Fighting
 + Level 8.7 Ranged Weapons
 - Level 1.0 Armour
 - Level 2.2 Dodging
 - Level 1.1 Stealth
 - Level 2.4 Invocations


You had 7 spell levels left.
You didn't know any spells.
Your spell library was empty.

Inventory:

Hand Weapons
 Y - a +0 shortbow of freezing (weapon)
Armour
 g - the +1 Delatra's gloves {ID++}
   (You found it on level 6 of the Dungeon)

   ID++:      It heals its wearer when they drink unknown potions, and restores
   their MP when they read unknown scrolls.
 k - a +2 robe of willpower (worn)
Jewellery
 c - a ring of positive energy (left hand)
 i - a ring of protection from cold (right hand)
Scrolls
 b - 8 scrolls of identify
 f - 3 scrolls of teleportation
Potions
 a - a potion of haste
 d - 2 potions of mutation
 e - 2 potions of cancellation
 h - a potion of might
 l - 2 potions of curing
 m - 2 potions of heal wounds

Dungeon Overview and Level Annotations

Branches:
Dungeon (6/15)
 Temple: D:4-7

Altars:
Gozag
Nemelex Xobeh
Okawaru
Trog
Wu Jian

Shops:
D:3 ?   D:5 !


Message History

The arrow freezes the two-headed ogre.
The two-headed ogre is moderately wounded.
You shoot an arrow. The arrow hits the two-headed ogre.
The arrow freezes the two-headed ogre.
The two-headed ogre is moderately wounded.
You shoot an arrow.
The arrow hits the two-headed ogre but does no damage.
The two-headed ogre is moderately wounded.
You hear a shout!
You shoot an arrow. The arrow hits the two-headed ogre.
The arrow freezes the two-headed ogre.
The two-headed ogre is heavily wounded.
You shoot an arrow.
The arrow hits the two-headed ogre but does no damage.
The two-headed ogre is heavily wounded.
A white imp comes into view.
The two-headed ogre misses you.
The two-headed ogre hits you with a +0 giant club!
You shoot an arrow. The arrow hits the two-headed ogre.
The arrow freezes the two-headed ogre.
The two-headed ogre is heavily wounded.
The white imp gestures at you.
The puff of frost hits you but does no damage.
You resist.
The two-headed ogre hits you with a +0 dire flail!
The two-headed ogre closely misses you.
You shoot an arrow.
The arrow barely misses the two-headed ogre.
You shoot an arrow. The arrow hits the two-headed ogre.
The arrow freezes the two-headed ogre.
The two-headed ogre is heavily wounded.
The two-headed ogre barely misses you.
The two-headed ogre hits you with a +0 giant club!
You shoot an arrow. The arrow hits the two-headed ogre!
The arrow freezes the two-headed ogre.
The two-headed ogre is severely wounded.
The white imp gestures at you. The puff of frost hits you. You resist.
The two-headed ogre hits you with a +0 dire flail!!
You die...

..##.. ..#.## .# .....#
# #.# .... .### ... #..#
... ... #..## ..##.#
#...#####..).# ###
#.%.....#5O#.#
#.#####<#.....#@##.#
##.....#.#.......##.#
...###.......^......#
#### #..........##..##
#..##.....###...####..
#...##...#####........
##.#..).).......######.
##..###)).........#####
##..###..##............#


You could see a two-headed ogre and a white imp.

Vanquished Creatures
  Duvessa (D:6)
  An ogre (D:5)
  A black bear (D:4)
  A phantom (D:5)
  A bullfrog (D:4)
  A scorpion (D:4)
  Dowan (D:6)
  A howler monkey (D:5)
  2 hounds
  A gnoll bouda (D:6)
  An iguana (D:5)
  An orc priest (D:5)
  Terence (D:3)
  Jessica (D:3)
  2 orc wizards (D:6)
  11 gnolls
  6 adders
  A shadow imp (D:6)
  2 worms (D:2)
  19 orcs
  6 ball pythons
  4 endoplasms
  2 giant cockroaches
  7 goblins
  8 hobgoblins
  A quokka (D:5)
  A bat (D:3)
  15 frilled lizards
  3 kobolds
  4 rats
107 creatures vanquished.

Vanquished Creatures (others)
  A wizard (D:4)
1 creature vanquished.

Grand Total: 108 creatures vanquished

Notes
Turn   | Place    | Note
-------+----------+-------------------------------------------
     0 | D:1      | qw the Gargoyle Hunter began the quest for the Orb.
     0 | D:1      | Reached XP level 1. HP: 12/12 MP: 1/1
     0 | D:1      | 0 ||| qw: Version: 0.3-a-76-g4403597
     0 | D:1      | 0 ||| qw: Game counter: 248
     0 | D:1      | 0 ||| qw: Melee chars always use a shield: true
     0 | D:1      | 0 ||| qw: God list: Okawaru
     0 | D:1      | 0 ||| qw: Allow faded altars: false
     0 | D:1      | 0 ||| qw: Do Orc after clearing Dungeon:15 true
     0 | D:1      | 0 ||| qw: Do second Lair branch before Depths: true
     0 | D:1      | 0 ||| qw: Lair rune preference: random
     0 | D:1      | 0 ||| qw: Goals: Normal
     0 | D:1      | 0 ||| PLANNING D:1-11
    12 | D:1      | 12 ||| Stepping ~*~*~tactically~*~*~ (outnumbered).
   274 | D:1      | Found a faded altar of an unknown god.
   302 | D:1      | Reached XP level 2. HP: 17/17 MP: 2/2
   947 | D:1      | 947 ||| UPGRADING to +0 ring mail.
   957 | D:1      | 957 ||| DROPPING +0 leather armour.
   958 | D:1      | 958 ||| READING scroll labelled ERCHUX SOATAD.
   959 | D:1      | 959 ||| READING scroll labelled TEGIZINAUCK.
   960 | D:1      | 960 ||| READING scroll labelled DANEOZEMIL.
   965 | D:1      | 965 ||| DRINKING 2 black potions.
   965 | D:1      | Gained mutation: Your muscles are strong. (Str +4, Int/Dex
                  | -1) [potion of mutation]
   965 | D:1      | Gained mutation: You expend magic power (3 MP) to
                  | strengthen your wands. [potion of mutation]
   966 | D:1      | 966 ||| DROPPING scroll of butterflies.
  1027 | D:2      | Reached XP level 3. HP: 21/21 MP: 3/3
  1131 | D:2      | Reached skill level 1 in Armour
  1146 | D:2      | Reached skill level 5 in Ranged Weapons
  1239 | D:2      | Identified the +9 plate armour "Ygaurph" {rC+++ Str+2 Int+2
                  | Dex-2}
  1346 | D:2      | Reached skill level 3 in Fighting
  1346 | D:2      | Reached XP level 4. HP: 26/28 MP: 4/4
  1613 | D:2      | 1613 ||| READING 3 scrolls labelled DESOSTR DADEOSTRUEF.
  1614 | D:2      | 1614 ||| READING scroll labelled MUCIBL QULAWN.
  1615 | D:2      | 1615 ||| READING scroll labelled ATTOOJ PUTHRU.
  1616 | D:2      | 1616 ||| DRINKING 2 red potions.
  1703 | D:3      | Found an iron altar of Okawaru.
  1704 | D:3      | 1704 ||| PLANNING OKAWARU WORSHIP
  1704 | D:3      | 1704 ||| UPGRADING to ring of positive energy.
  1711 | D:3      | Became a worshipper of Warmaster Okawaru
  1712 | D:3      | 1712 ||| PLANNING D:1-11
  1734 | D:3      | Found an opulent altar of Gozag.
  1790 | D:3      | Noticed Terence
  1796 | D:3      | Killed Terence
  1926 | D:3      | Reached XP level 5. HP: 32/32 MP: 5/5
  2208 | D:3      | Found Ysonusoylo's Magic Scroll Boutique.
  2231 | D:3      | 2231 ||| BUYING 3 scrolls of identify (84 gold).
  2231 | D:3      | Bought 3 scrolls of identify for 84 gold pieces
  2231 | D:3      | 2231 ||| SHOPLISTING scroll of enchant armour (105 gold,
                  | have 101).
  2231 | D:3      | 2231 ||| BUYING scroll of teleportation (42 gold).
  2231 | D:3      | Bought a scroll of teleportation for 42 gold pieces
  2245 | D:3      | Noticed Jessica
  2249 | D:3      | Killed Jessica
  2250 | D:3      | Reached skill level 6 in Ranged Weapons
  2388 | D:3      | 2388 ||| UPGRADING to +2 robe of willpower.
  2398 | D:3      | 2398 ||| DROPPING +0 ring mail.
  2399 | D:3      | 2399 ||| UPGRADING to ring of protection from cold.
  2400 | D:3      | 2400 ||| READING scroll labelled ZACKEUREUS.
  2401 | D:3      | 2401 ||| DRINKING 3 blue potions.
  2402 | D:3      | 2402 ||| READING 9 scrolls of identify.
  2402 | D:3      | 2402 ||| IDENTIFYING yellow potion
  2403 | D:3      | 2403 ||| DROPPING potion of lignification.
  2522 | D:4      | Found an ornate altar of the Wu Jian Council.
  2588 | D:4      | Reached XP level 6. HP: 38/38 MP: 6/6
  2946 | D:4      | Noticed a black bear
  2957 | D:4      | Killed a black bear
  2958 | D:4      | Reached skill level 7 in Ranged Weapons
  3065 | D:4      | Reached * piety under Okawaru
  3292 | D:4      | Found a bloodstained altar of Trog.
  3293 | D:4      | Noticed a wizard
  3298 | D:4      | Killed a wizard
  3443 | D:4      | 3443 ||| DROPPING ring of magical power.
  3444 | D:4      | 3444 ||| READING scroll labelled KIPATE ITEC.
  3445 | D:4      | 3445 ||| READING scroll labelled MIUMPOCLAWN.
  3470 | D:4      | 3470 ||| READING 10 scrolls of identify.
  3470 | D:4      | 3470 ||| IDENTIFYING fizzy inky potion
  3471 | D:4      | 3471 ||| READING 9 scrolls of identify.
  3471 | D:4      | 3471 ||| IDENTIFYING ruby potion
  3507 | D:5      | Entered Level 5 of the Dungeon
  3513 | D:5      | 3513 ||| INVOKING Heroism.
  3518 | D:5      | Reached XP level 7. HP: 43/43 MP: 4/7
  3578 | D:5      | 3578 ||| Stepping ~*~*~tactically~*~*~ (outnumbered).
  3617 | D:5      | Found Izuopner's Distillery.
  3622 | D:5      | 3622 ||| BUYING potion of curing (42 gold).
  3622 | D:5      | Bought a potion of curing for 42 gold pieces
  3622 | D:5      | 3622 ||| SHOPLISTING potion of haste (140 gold, have 103).
  3622 | D:5      | 3622 ||| BUYING potion of heal wounds (70 gold).
  3622 | D:5      | Bought a potion of heal wounds for 70 gold pieces
  3622 | D:5      | 3622 ||| SHOPLISTING potion of magic (112 gold, have 33).
  3622 | D:5      | 3622 ||| SHOPLISTING potion of mutation (112 gold, have
                  | 33).
  3622 | D:5      | 3622 ||| SHOPLISTING potion of resistance (140 gold, have
                  | 33).
  3805 | D:5      | Found a sparkling altar of Nemelex Xobeh.
  3882 | D:5      | Reached skill level 8 in Ranged Weapons
  4061 | D:5      | 4061 ||| DROPPING ring of wizardry.
  4062 | D:5      | 4062 ||| READING scroll labelled ZAFIKHOF BOZU.
  4193 | D:6      | 4193 ||| STAIRDANCE
  4207 | D:6      | 4207 ||| STAIRDANCE
  4259 | D:6      | 4259 ||| Stepping ~*~*~tactically~*~*~ (outnumbered).
  4261 | D:6      | 4261 ||| Stepping ~*~*~tactically~*~*~ (outnumbered).
  4263 | D:6      | 4263 ||| Stepping ~*~*~tactically~*~*~ (outnumbered).
  4266 | D:6      | Reached skill level 1 in Invocations
  4266 | D:6      | 4266 ||| INVOKING Heroism.
  4273 | D:6      | 4273 ||| Stepping ~*~*~tactically~*~*~ (retreating).
  4350 | D:6      | Reached XP level 8. HP: 43/48 MP: 7/9
  4354 | D:6      | 4354 ||| INVOKING Heroism.
  4501 | D:6      | Found the +1 Delatra's gloves {ID++}
  4514 | D:6      | Noticed Dowan
  4515 | D:6      | 4515 ||| INVOKING Heroism.
  4519 | D:6      | Noticed Duvessa
  4524 | D:6      | Killed Dowan
  4532 | D:6      | 4532 ||| INVOKING Heroism.
  4539 | D:6      | Killed Duvessa
  4593 | D:6      | Noticed a two-headed ogre
  4603 | D:6      | Mangled by a two-headed ogre

Levels and vault maps discovered:
D:1:      heliophobic_arrival_battle_scene, layout_loops_corners,
          shapermc_ecumenical_altar_pompeii, chequers_mini_garden,
          minmay_lizard_king
D:2:      minmay_alternating_diamond, layout_basic
D:3:      layout_loops_ring, okawaru_metal_pillars_1_2,
          nicolae_gozag_cash_rules_everything_around_me, serial_shops, shop,
          hangedman_decor_growths, uniq_jessica, uniq_terence
D:4:      layout_loops_corners, trog_wizard, mainiacjoe_overflow_24_doors,
          minmay_misc_feat_square
D:5:      layout_rooms, marbit_many_paths, serial_shops,
          nicolae_shop_just_a_little_nook, chequers_serial_rivers_large_a
D:6:      layout_rooms, kennysheep_little_box, slow_altar_2, uniq_duvessa

Skill      XL: |  1  2  3  4  5  6  7  8 |
---------------+-------------------------+-----
Armour         | 1 |  1.0
Ranged Weapons | 5 6 7 8 |  8.7
Fighting       | 3 4 5 |  5.0
Dodging        | 2 |  2.2
Invocations    | 1 2 |  2.4
Stealth        | |  1.1

Action                     |  1- 3 |  4- 6 |  7- 9 || total
---------------------------+-------+-------+-------++-------
   Fire: Shortbow          |   115 |   154 |   137 ||   406
 Invoke: Heroism           |       |     1 |     4 ||     5
    Use: Scroll            |     3 |     9 |     1 ||    13
         Potion            |     1 |     2 |       ||     3
 Armour: Leather armour    |    29 |       |       ||    29
         Ring mail         |    25 |    18 |       ||    43
         Robe              |       |    22 |    60 ||    82
  Dodge: Dodged            |    60 |    36 |    53 ||   149

Table legend:
 A = Non-vault XP
 B = Vault XP
 C = Vault XP percentage of total XP
 D = Non-vault monster count
 E = Vault monster count
 F = Vault count percentage of total count
                 A         B        C        D         E       F
            +---------+---------+-------+---------+---------+-------
      Total |    1152 |     372 |  24.4 |      89 |      18 |  16.8
            +---------+---------+-------+---------+---------+-------
        D:1 |      23 |      10 |  30.3 |      14 |      10 |  41.7
        D:2 |      47 |      28 |  37.3 |      15 |       3 |  16.7
        D:3 |      34 |      75 |  68.8 |      17 |       2 |  10.5
        D:4 |     362 |       0 |   0.0 |      16 |       0 |   0.0
        D:5 |     392 |      43 |   9.9 |      10 |       1 |   9.1
        D:6 |     294 |     216 |  42.4 |      17 |       2 |  10.5
            +---------+---------+-------+---------+---------+-------
